 Dungeon Sprint DCSS version 0.29.1-12-g30fa7ad0bf (webtiles) character file.

Game seed: 12844579637097260141

266 Maria the Trooper (level 6, -4/60 HPs)
             Began as a Draconian Fighter on Jan 18, 2023.
             Was an Initiate of Jiyva.
             Slain by a demonic crawler (7 damage)
             ... in the Dungeon (Sprint I: "Red Sonja").
             The game lasted 00:02:25 (273 turns).

Maria the Trooper (Draconian Fighter)                Turns: 273, Time: 00:02:27

Health: -4/60      AC:  6    Str: 19    XL:     6   Next: 0%
Magic:  10/10      EV: 13    Int: 10    God:    Jiyva [......]
Gold:   243        SH:  5    Dex: 10    Spells: 11/11 levels left

rFire   . . .      SeeInvis .   a - +0 war axe
rCold   . . .      Faith    .   b - +0 buckler
rNeg    . . .      Spirit   .   (body armour unavailable)
rPois   .          Reflect  .   (helmet restricted)
rElec   .          Harm     .   (no cloak)
rCorr   .          Rampage  .   (no gloves)
Will    .....      NoTele   +   (no boots)
Stlth   ++........              (no amulet)
HPRegen 0.20/turn               (no ring)
MPRegen 0.12/turn               (no ring)

@: hasted (expiring), very quick
A: AC +6, unfitting armour, cold-blooded
a: Renounce Religion


You were in the Dungeon.
You worshipped Jiyva.
Jiyva was noncommittal.
You visited 1 branch You collected 243 gold pieces.

Inventory:

Hand Weapons
 a - a +0 war axe (weapon)
Armour
 b - a +0 buckler (worn)
Wands
 h - a wand of digging (5)
Potions
 g - 2 potions of magic


   Skills:
 * Level 7.3 Fighting
 * Level 4.8 Axes
 * Level 5.9 Dodging
 * Level 3.8 Stealth
 * Level 6.5 Shields
 * Level 3.1 Spellcasting


You had 11 spell levels left.
You didn't know any spells.
Your spell library was empty.

Dungeon Overview and Level Annotations

Branches:
Dungeon (1/1)

Altars:
Makhleb
Xom
Jiyva
Lugonu


Innate Abilities, Weirdness & Mutations

Your plain brown scales are hard. (AC +6)
You cannot fit into any form of body armour.
You are cold-blooded and may be slowed by cold attacks.


Message History

The demonic crawler shrieks in warning!
Something shouts, "Decamp, thou dissembling swag-bellied bladder!"
You barely miss the demonic crawler.
The demonic crawler is heavily wounded.
Your extra speed is starting to run out.
The demonic crawler barely misses you. The demonic crawler closely misses you.
The demonic crawler hits you!
You hit the demonic crawler.
The demonic crawler is heavily wounded.
You hit the demonic crawler.
The demonic crawler hits you but does no damage. x2
The demonic crawler misses you. The demonic crawler hits you!
You block the demonic crawler's attack. x2
You hear a distant slurping noise.
You hit the demonic crawler but do no damage.
The demonic crawler is heavily wounded.
You slash the demonic crawler!
The demonic crawler shrieks in warning!
The demonic crawler hits you.
* * * LOW HITPOINT WARNING * * *
The demonic crawler hits you!
* * * LOW HITPOINT WARNING * * *
The demonic crawler misses you.
You barely miss the demonic crawler.
The demonic crawler is heavily wounded.
You hit the demonic crawler but do no damage.
The demonic crawler shrieks in warning!
The demonic crawler misses you. The demonic crawler closely misses you.
The demonic crawler hits you.
* * * LOW HITPOINT WARNING * * *
The kobold demonologist looks satisfied for a moment.
The demonic crawler shrieks in warning!
You hit the demonic crawler.
The demonic crawler is heavily wounded.
You hit the demonic crawler but do no damage.
The demonic crawler hits you but does no damage.
The demonic crawler closely misses you.
The demonic crawler hits you but does no damage.
The demonic crawler hits you!
You die...

###################
#<.#..s..#K55..#__#
#.s)..#.§'ss#..'5..
#.K#####'#####+#__#
#ss# #..# #### #.@#
#### #..# #⌠⌠# ####


You could see 3 demonic crawlers and a kobold demonologist.

Vanquished Creatures
  Sigmund (D)
  An ogre (D)
  Ijyb (D)
3 creatures vanquished.

Vanquished Creatures (others)
  A centaur warrior (D)
  A slime creature (D)
  2 floating eyes (D)
  A necrophage (D)
  8 jellies (D)
13 creatures vanquished.

Grand Total: 16 creatures vanquished

Notes
Turn   | Place    | Note
-------+----------+-------------------------------------------
     0 | D        | Maria the Draconian Fighter began the quest for the Orb.
     0 | D        | Reached XP level 1. HP: 19/19 MP: 1/1
     2 | D        | Noticed Ijyb
     9 | D        | Killed Ijyb
    10 | D        | Reached skill level 4 in Fighting
    10 | D        | Reached skill level 1 in Stealth
    10 | D        | Reached skill level 1 in Spellcasting
    10 | D        | Reached XP level 2. HP: 28/28 MP: 1/3
    37 | D        | Noticed an ogre
    40 | D        | Killed an ogre
    41 | D        | Reached skill level 5 in Fighting
    41 | D        | Reached skill level 5 in Shields
    41 | D        | Reached XP level 3. HP: 37/37 MP: 3/6
    41 | D        | Reached XP level 4. HP: 44/44 MP: 3/7
    54 | D        | Noticed Sigmund
    58 | D        | Killed Sigmund
    59 | D        | Reached skill level 7 in Fighting
    59 | D        | Reached skill level 5 in Dodging
    59 | D        | Reached XP level 5. HP: 30/52 MP: 5/9
    59 | D        | Reached XP level 6. HP: 35/60 MP: 5/10
   199 | D        | Found a burning altar of Makhleb.
   199 | D        | Found a viscous altar of Jiyva.
   199 | D        | Found a shimmering altar of Xom.
   199 | D        | Found a corrupted altar of Lugonu.
   199 | D        | Noticed a slime creature
   202 | D        | Became a worshipper of Jiyva Juremp the Shapeless
   219 | D        | Killed a floating eye
   219 | D        | Killed a centaur warrior
   221 | D        | Noticed a kobold demonologist
   223 | D        | Killed a floating eye
   227 | D        | Killed a slime creature
   232 | D        | Noticed a kobold demonologist
   232 | D        | Noticed a demonic crawler
   235 | D        | Noticed a demonic crawler
   253 | D        | Noticed a demonic crawler
   272 | D        | HP: 3/60 [demonic crawler (6)]
   273 | D        | Slain by a demonic crawler

Illustrated notes

Levels and vault maps discovered:
D:        dungeon_sprint_1 [red_sonja_temple_1, red_sonja_temple_small_1]

Skill      XL: |  1  2  3  4 |
---------------+-------------+-----
Fighting       | 4 5 7 |  7.3
Dodging        | 3 4 5 |  5.9
Stealth        | 1 2 3 |  3.8
Shields        | 4 5 6 |  6.5
Spellcasting   | 1 2 3 |  3.1
Axes           | 3 4 |  4.8

Action                   |  1- 3 |  4- 6 || total
-------------------------+-------+-------++-------
Melee: War axe           |     8 |    20 ||    28
       Tailslap          |     1 |     3 ||     4
  Use: Potion            |     2 |     3 ||     5
       Scroll            |       |     1 ||     1
Armor: Skin              |       |     7 ||     7
Dodge: Dodged            |     4 |    17 ||    21
Block: Buckler           |     1 |     6 ||     7
